 Dungeon Crawl Stone Soup version 0.31-a0-983-g7b6862f502 (webtiles) character file.

Game seed: 479969556889625552

357 voltaire321 the Chiller (level 6, -5/46 HPs)
             Began as a Demonspawn Ice Elementalist on Nov 2, 2023.
             Was an Initiate of Wu Jian.
             Shot with an arrow by a centaur (10 damage)
             ... on level 5 of the Dungeon.
             The game lasted 00:10:24 (4247 turns).

voltaire321 the Chiller (DsIE)                      Turns: 4247, Time: 00:10:24

Health: -5/46      AC:  3    Str: 10    XL:     6   Next: 36%
Magic:  10/10      EV: 13    Int: 17    God:    Wu Jian [......]
Gold:   156        SH:  0    Dex: 13    Spells: 7/11 levels left

rFire   . . .        n - +4 dagger (venom)
rCold   . . .        (no shield)
rNeg    . . .        a - +0 robe
rPois   .            (helmet restricted)
rElec   .            (no cloak)
rCorr   .            (no gloves)
SInv    .            (no boots)
Will    .....        (no amulet)
Stlth   ++           (no ring)
HPRegen 0.27/turn    (no ring)
MPRegen 0.12/turn

%: no passive effects
@: no status effects
A: antennae 2, powered by death 1, sharp scales 1
a: Renounce Religion


You were on level 5 of the Dungeon.
You worshipped Wu Jian.
Wu Jian was noncommittal.
You visited 2 branches of the dungeon, and saw 6 of its levels.
You also visited: Ossuary.

You collected 156 gold pieces.

Inventory:

Hand Weapons
 k - a +2 dagger of draining
 n - a +4 dagger of venom (weapon)
Armour
 a - a +0 robe (worn)
Scrolls
 d - 2 scrolls of vulnerability {unknown}
 e - 2 scrolls of enchant weapon {unknown}
 f - a scroll of enchant armour {unknown}
 g - 2 scrolls of brand weapon {unknown}
 h - 2 scrolls of noise
 i - a scroll of fog {unknown}
 l - a scroll of amnesia {unknown}
 p - a scroll of poison {unknown}
 r - a scroll of identify {unknown}
Potions
 b - a potion of magic
 c - 2 potions of mutation {unknown}
 j - 2 potions of curing {unknown}
 m - a potion of haste {unknown}
 o - a potion of heal wounds {unknown}
 q - 2 potions of degeneration {unknown}
 s - a potion of attraction {unknown}


   Skills:
 + Level 2.5 Fighting
 + Level 2.2 Armour
 + Level 3.2 Dodging
 - Level 1.8 Stealth
 + Level 3.2 Spellcasting
 + Level 4.5 Ice Magic


You had 7 spell levels left.
You knew the following spells:

 Your Spells              Type           Power      Damage    Failure   Level
a - Freeze                Ice            72%        1d8       2%          1
b - Frozen Ramparts       Ice            36%        1d6       9%          3

Your spell library contained the following spells:

 Spells                   Type           Power      Damage    Failure   Level
 Ozocubu's Armour         Ice            18%        N/A       9%          3
 Static Discharge         Conj/Air       4%         3-4/arc   26%         2
 Summon Ice Beast         Ice/Summ       10%        N/A       56%         4
 Airstrike                Air            1%         2d(1-17)  86%         4
 Summon Lightning Spire   Summ/Air       2%         N/A       86%         4


Dungeon Overview and Level Annotations

Branches:
Dungeon (5/15)             Temple (1/1) D:4         Ossuary (visited)

Altars:
Ashenzari
Cheibriados
Fedhas
Gozag
Hepliaklqana
Kikubaaqudgha
Nemelex Xobeh
Okawaru
Ru
Sif Muna
Trog
Uskayaw
Vehumet
Wu Jian
Xom
Yredelemnul

Annotations:
D:5 Duvessa


Innate Abilities, Weirdness & Mutations

You have a pair of antennae on your head.
You regenerate a little health from kills.
You are partially covered in razor-sharp scales. (AC +1, Slay +1)


Message History

The iguana is almost dead.
You kill the iguana!
The Council accepts your kill.
Things that are here:
a +0 flail of draining; a +0 leather armour; an iguana corpse You start resting.
A white imp comes into view.
A white imp is nearby!
An adder comes into view.
The adder hisses angrily.
The adder moves out of view.
The adder closely misses you.
You puncture the adder!
The adder is poisoned.
The adder is severely wounded.
The adder misses you.
You hit the adder.
You kill the adder!
The Council accepts your kill.
You see here an adder corpse.
You start resting.
Magic restored.
You start resting.
HP restored.
Found a hand axe.
A centaur comes into view. It is wielding a +4 hand axe.
The centaur shouts!
The centaur unwields a +4 hand axe.
The centaur wields a +0 shortbow.
The centaur shoots an arrow.
The arrow hits you!
A hound comes into view.
The centaur shoots an arrow.
The arrow barely misses you.
The hound barks!
You hear a shout!
You hear a shout!
The centaur shoots an arrow.
The arrow hits you!
The centaur shoots an arrow.
The arrow hits you!
The centaur shoots an arrow.
The arrow hits you!
* * * LOW HITPOINT WARNING * * *
The centaur shoots an arrow.
The arrow hits you.
* * * LOW HITPOINT WARNING * * *
The centaur shoots an arrow.
The arrow hits you!
You die...

#.# .##... #.#
#..#... #.# ......#
#)# ##.#...##
#.#########..[.....
###.#†..h..c......#
. #..........e.<.#
.. #..............#
#...
#....@.......###..e#
#<...#######.#...#
#....# #...# #....#
#.### ###### #.# ###


You could see Duvessa, a centaur and a hound.

Vanquished Creatures
  Edmund (D:5)
  A hound (D:4)
  An iguana (D:5)
  A sleepcap (D:4)
  A mummy (D:4)
  Robin (D:2)
  4 adders
  A worm (D:2)
  5 dart slugs
  4 orcs
  7 endoplasms
  2 giant cockroaches
  2 gnoll zombies (Ossuary)
  16 goblins
  7 hobgoblins
  A quokka (D:2)
  6 ball pythons
  3 bats
  3 frilled lizards
  A hobgoblin zombie (Ossuary)
  9 kobolds
  6 rats
  2 rat zombies (D:4)
  2 butterflies
87 creatures vanquished.

Notes
Turn   | Place    | Note
-------+----------+-------------------------------------------
     0 | D:1      | voltaire321 the Demonspawn Ice Elementalist began the quest
                  | for the Orb.
     0 | D:1      | Reached XP level 1. HP: 13/13 MP: 3/3
   269 | D:1      | Gained mutation: You are partially covered in razor-sharp
                  | scales. (AC +1, Slay +1) [demonic ancestry]
   269 | D:1      | Reached XP level 2. HP: 14/19 MP: 0/5
   846 | D:1      | Gained mutation: You regenerate a little health from kills.
                  | [demonic ancestry]
   846 | D:1      | Reached XP level 3. HP: 25/25 MP: 6/6
   923 | D:1      | Learned a level 3 spell: Frozen Ramparts
  1047 | D:2      | Reached skill level 1 in Fighting
  1266 | D:2      | Noticed a great orb of eyes
  1268 | D:2      | Found a faded altar of an unknown god.
  1270 | D:2      | Noticed a shining eye
  1270 | D:2      | Noticed an eye of devastation
  1270 | D:2      | Noticed a great orb of eyes
  1302 | D:2      | Noticed Robin
  1330 | D:2      | Reached skill level 1 in Armour
  1717 | D:2      | Killed Robin
  1718 | D:2      | Reached skill level 4 in Ice Magic
  1718 | D:2      | Gained mutation: You have a pair of small antennae on your
                  | head. [demonic ancestry]
  1718 | D:2      | Reached XP level 4. HP: 24/32 MP: 4/7
  1888 | D:2      | Found a sparkling altar of Nemelex Xobeh.
  2153 | D:3      | Found a shimmering altar of Xom.
  3125 | D:4      | Found a sand-covered staircase.
  3143 | Ossuary  | Entered an ossuary
  3301 | D:4      | Found a sparkling altar of Nemelex Xobeh.
  3361 | D:4      | Gained mutation: You have a pair of antennae on your head.
                  | [demonic ancestry]
  3361 | D:4      | Reached XP level 5. HP: 38/38 MP: 9/9
  3380 | D:4      | Found a snail-covered altar of Cheibriados.
  3551 | D:4      | Found a staircase to the Ecumenical Temple.
  3562 | Temple   | Entered the Ecumenical Temple
  3616 | Temple   | Became a worshipper of the Wu Jian Council
  3745 | D:4      | Found an iron altar of Okawaru.
  3779 | D:5      | Entered Level 5 of the Dungeon
  3779 | D:5      | Noticed Duvessa
  3791 | D:4      | HP: 1/38 [sleepcap (9)]
  4092 | D:5      | Noticed Edmund
  4104 | D:5      | Killed Edmund
  4105 | D:5      | Reached XP level 6. HP: 23/46 MP: 4/10
  4247 | D:5      | Shot with an arrow by a centaur

Illustrated notes

Levels and vault maps discovered:
D:1:      wander_arrival_peaceful_grave, layout_loops_corners
D:2:      layout_loops_corners, hellmonk_ecumenical_altar_watching_god,
          basic_altar, hex_large, uniq_robin
D:3:      layout_basic, xom_butterflies
D:4:      layout_basic, kennysheep_mini_moat, okawaru_metal_pillars_1_2,
          slow_altar_1, minmay_temple_entry_overgrown, enter_ossuary_4,
          serial_bayou_crossing
D:5:      layout_rooms, minmay_misc_feat_roman, kennysheep_generic_room_7,
          uniq_duvessa, uniq_sigmund, uniq_edmund
Temple:   eino_temple_water

Skill      XL: |  1  2  3  4  5 |
---------------+----------------+-----
Dodging        | 2 3 |  3.2
Fighting       | 1 2 |  2.5
Armour         | 1 2 |  2.2
Ice Magic      | 4 |  4.5
Spellcasting   | 3 |  3.2
Stealth        | |  1.8

Action                     |  1- 3 |  4- 6 || total
---------------------------+-------+-------++-------
  Melee: Unarmed           |     6 |       ||     6
         Dagger            |    56 |   115 ||   171
   Cast: Freeze            |    28 |     4 ||    32
         Frozen Ramparts   |       |     1 ||     1
    Use: Scroll            |       |     1 ||     1
   Stab: Sleeping          |     8 |     7 ||    15
 Armour: Robe              |    42 |    56 ||    98
  Dodge: Dodged            |    38 |    74 ||   112

Table legend: (Time is in decaauts)
 A = Elapsed time spent in this place.
 B = Non-inter-level travel time spent in this place.
 C = Inter-level travel time spent in this place.
 D = Time resting spent in this place.
 E = Time spent auto-exploring this place.
 F = Levels seen in this place.
 G = Mean time per level.
                   A        B        C        D        E       F      G
               +--------+--------+--------+--------+--------+-----+--------+
         Total |   4250 |   4080 |    170 |    630 |   2556 |   7 |  607.1 |
       Dungeon |   4146 |   3994 |    152 |    630 |   2555 |   5 |  829.2 |
        Temple |     73 |     55 |     18 |      0 |      0 |   1 |   73.0 |
       Ossuary |     30 |     30 |      0 |      0 |      1 |   1 |   30.0 |
               +--------+--------+--------+--------+--------+-----+--------+

Top non-repeatable levels by time:
     D:2: 1148 daAuts
     D:3: 982 daAuts
     D:1: 951 daAuts
     D:4: 895 daAuts
     D:5: 168 daAuts
  Temple: 73 daAuts
 Ossuary: 30 daAuts
